General information
- name: BNet
- type: Ladder team game (AT/RT)
- host: Battle.net
- saver: |c00FFFFFFADMlN
map: Deathknell
- players: 8
- length: 32:04
- speed: Fast
- version: 1.27 W3XP
- replay type: Public
» download(168 KB)
Players
team 1 (winner)

»
P12ACTICE (
pink | 65 APM | 2086 actions | 32:03)
3 Keeper of the Grove
2 Force of Nature
1 Thorns Aura
3 Death Knight
2 Death Coil
1 Unholy Aura
3 Lich
2 Frost Armor
1 Frost Nova
2 Priestess of the Moon
1 Trueshot Aura
1 Searing Arrows
» actions
| Basic commands | 166 | |
| Build / train | 108 | |
| Enter build submenu | 73 | |
| Enter hero's abilities submenu | 12 | |
| Give item / drop item | 1 | |
| Remove unit from queue | 11 | |
| Right click | 874 | |
| Select / deselect | 700 | |
| Use ability | 137 | |
2086 total
» units
| Wisp | 23 | |
| Crypt Fiend | 4 | |
| Goblin Shredder | 5 | |
| Gnoll Overseer | 1 | |
| Frost Wyrm | 4 | |
| Obsidian Statue | 8 | |
| Hippogryph | 10 | |
55 total
» upgrades
| Destroyer Form | 1 | |
| Creature Attack | 1 | |
| Creature Carapace | 3 | |
5 total
» buildings
| Altar of Elders | 2 | |
| Crypt | 2 | |
| Graveyard | 1 | |
| Altar of Darkness | 1 | |
| Ziggurat | 7 | |
| Moon Well | 10 | |
| Tomb of Relics | 3 | |
| Halls of the Dead | 3 | |
| Hunter's Hall | 2 | |
| Ancient of War | 2 | |
| Ancient of Wonders | 1 | |
| Ancient Protector | 15 | |
| Tree of Life | 4 | |
| Black Citadel | 2 | |
| Sacrificial Pit | 2 | |
| Boneyard | 2 | |
| Slaughterhouse | 2 | |
| Tree of Ages | 2 | |
| Ancient of Wind | 3 | |
66 total
» build order
00:20 Altar of Elders
00:30 Crypt
00:34 Graveyard
00:40 Altar of Darkness
00:42 Ziggurat
00:50 Moon Well
01:15 Ziggurat
01:18 Tomb of Relics
01:22 Tomb of Relics
01:41 Moon Well
02:18 Halls of the Dead
02:20 Ziggurat
02:45 Hunter's Hall
02:49 Hunter's Hall
03:17 Crypt
03:32 Ancient of War
03:36 Ancient of Wonders
03:45 Ancient of War
04:06 Ancient Protector
04:07 Ancient Protector
04:11 Ziggurat
05:07 Tree of Life
05:09 Ancient Protector
05:09 Ancient Protector
05:10 Ancient Protector
05:17 Black Citadel
05:22 Sacrificial Pit
05:24 Sacrificial Pit
06:32 Ziggurat
06:34 Ziggurat
06:48 Moon Well
06:50 Ancient Protector
06:51 Ancient Protector
07:43 Ancient Protector
08:32 Moon Well
08:33 Moon Well
08:41 Boneyard
08:43 Boneyard
08:50 Slaughterhouse
08:51 Slaughterhouse
08:55 Ziggurat
09:01 Tomb of Relics
09:57 Tree of Ages
09:57 Tree of Ages
10:27 Tree of Life
10:29 Ancient Protector
10:30 Ancient Protector
10:31 Tree of Life
10:54 Ancient Protector
10:56 Ancient Protector
10:58 Ancient Protector
11:02 Ancient Protector
11:27 Tree of Life
11:31 Ancient Protector
12:38 Ancient of Wind
12:58 Ancient of Wind
13:01 Ancient of Wind
13:03 Moon Well
13:05 Moon Well
13:06 Moon Well
17:10 Altar of Elders
17:13 Moon Well
19:17 Moon Well
» items
| Rod of Necromancy | 2 | |
| Orb of Corruption | 1 | |
| Scroll of Town Portal | 3 | |
6 total
|c00FFFFFFADMlN (
red | 20 APM | 648 actions | 32:04)
» actions
| Assign group hotkey | 3 | |
| Build / train | 66 | |
| Enter build submenu | 51 | |
| Remove unit from queue | 5 | |
| Right click | 244 | |
| Select / deselect | 228 | |
| Use ability | 51 | |
648 total
» units
» upgrades
| Ultravision | 1 | |
| Nature's Blessing | 1 | |
| Strength of the Wild | 1 | |
| Reinforced Hides | 1 | |
4 total
» buildings
| Moon Well | 9 | |
| Hunter's Hall | 2 | |
| Ancient Protector | 20 | |
| Tree of Ages | 1 | |
| Ancient of Wind | 3 | |
| Tree of Life | 6 | |
41 total
» build order
00:30 Moon Well
00:53 Moon Well
01:15 Moon Well
01:59 Hunter's Hall
02:25 Moon Well
03:03 Moon Well
03:12 Moon Well
03:31 Moon Well
03:36 Ancient Protector
03:49 Ancient Protector
04:03 Ancient Protector
04:19 Ancient Protector
04:31 Ancient Protector
05:08 Ancient Protector
05:48 Ancient Protector
05:51 Ancient Protector
05:58 Ancient Protector
06:09 Ancient Protector
07:11 Ancient Protector
07:16 Ancient Protector
07:27 Tree of Ages
08:23 Ancient Protector
08:28 Ancient Protector
08:39 Ancient Protector
08:51 Ancient Protector
12:31 Ancient Protector
12:34 Ancient Protector
12:38 Ancient Protector
12:57 Ancient Protector
13:43 Ancient of Wind
14:08 Ancient of Wind
14:54 Ancient of Wind
18:14 Tree of Life
18:24 Moon Well
18:25 Moon Well
21:08 Tree of Life
22:01 Tree of Life
24:03 Hunter's Hall
29:04 Tree of Life
30:00 Tree of Life
32:02 Tree of Life
Toph (
purple | 0 APM | 0 actions | 00:01)
10years (
teal | 41 APM | 1204 actions | 29:02)
7 Death Knight
3 Death Coil
3 Unholy Aura
1 Animate Dead
3 Dreadlord
2 Sleep
1 Vampiric Aura
» actions
| Assign group hotkey | 34 | |
| Build / train | 101 | |
| Enter build submenu | 26 | |
| Enter hero's abilities submenu | 11 | |
| Give item / drop item | 2 | |
| Remove unit from queue | 2 | |
| Right click | 271 | |
| Select / deselect | 204 | |
| Select group hotkey | 466 | |
| Use ability | 87 | |
1204 total
» units
| Acolyte | 7 | |
| Ghoul | 12 | |
| Crypt Fiend | 12 | |
| Frost Wyrm | 9 | |
40 total
» upgrades
| Creature Attack | 5 | |
| Creature Carapace | 4 | |
| Web | 2 | |
| Freezing Breath | 2 | |
13 total
» buildings
| Crypt | 1 | |
| Graveyard | 1 | |
| Ziggurat | 12 | |
| Altar of Darkness | 1 | |
| Tomb of Relics | 2 | |
| Halls of the Dead | 3 | |
| Spirit Tower | 4 | |
| Black Citadel | 2 | |
| Sacrificial Pit | 1 | |
| Necropolis | 2 | |
| Boneyard | 3 | |
| Nerubian Tower | 1 | |
33 total
» build order
00:19 Crypt
00:28 Graveyard
00:46 Ziggurat
01:11 Altar of Darkness
01:33 Ziggurat
02:06 Tomb of Relics
04:35 Ziggurat
06:43 Halls of the Dead
06:43 Halls of the Dead
06:44 Halls of the Dead
07:03 Ziggurat
07:04 Ziggurat
07:05 Ziggurat
07:07 Ziggurat
07:57 Spirit Tower
07:57 Spirit Tower
07:58 Spirit Tower
08:01 Spirit Tower
09:13 Black Citadel
09:13 Black Citadel
09:24 Sacrificial Pit
09:32 Ziggurat
09:44 Necropolis
12:00 Boneyard
12:02 Boneyard
12:07 Boneyard
12:34 Ziggurat
12:39 Ziggurat
12:41 Tomb of Relics
13:02 Ziggurat
14:24 Nerubian Tower
17:11 Ziggurat
24:30 Necropolis
» items
| Rod of Necromancy | 4 | |
| Potion of Healing | 1 | |
5 total
team 2 (loser)

»
WeWantWC4 (
orange | 40 APM | 1289 actions | 32:03)
4 Archmage
2 Summon Water Elemental
2 Brilliance Aura
1 Paladin
1 Holy Light
1 Mountain King
1 Storm Bolt
» actions
| Assign group hotkey | 40 | |
| Basic commands | 51 | |
| Build / train | 87 | |
| ESC pressed | 18 | |
| Enter build submenu | 29 | |
| Enter hero's abilities submenu | 6 | |
| Give item / drop item | 4 | |
| Right click | 478 | |
| Select / deselect | 335 | |
| Select group hotkey | 145 | |
| Use ability | 96 | |
1289 total
» units
| Peasant | 11 | |
| Footman | 15 | |
| Goblin Shredder | 2 | |
| Priest | 14 | |
| Sorceress | 5 | |
| Knight | 3 | |
| Spell Breaker | 2 | |
52 total
» upgrades
| Masonry | 3 | |
| Swords | 3 | |
| Plating | 3 | |
| Lumber Harvesting | 1 | |
| Sorceress Training | 2 | |
| Priest Training | 2 | |
| Animal War Training | 1 | |
| Gunpowder | 1 | |
| Armor | 1 | |
17 total
» buildings
| Altar of Kings | 1 | |
| Farm | 16 | |
| Barracks | 2 | |
| Town Hall | 1 | |
| Lumber Mill | 1 | |
| Arcane Vault | 2 | |
| Blacksmith | 1 | |
| Keep | 1 | |
| Castle | 1 | |
| Arcane Sanctum | 3 | |
| Workshop | 3 | |
32 total
» build order
00:09 Altar of Kings
00:11 Farm
00:21 Barracks
00:40 Farm
01:31 Farm
03:38 Town Hall
04:01 Farm
05:21 Lumber Mill
05:23 Farm
05:29 Arcane Vault
06:47 Blacksmith
06:49 Farm
06:51 Keep
07:53 Farm
09:40 Castle
09:51 Arcane Sanctum
09:52 Arcane Sanctum
09:57 Barracks
10:01 Arcane Sanctum
11:46 Arcane Vault
12:12 Farm
12:12 Farm
12:14 Farm
12:15 Farm
16:59 Workshop
17:02 Workshop
17:03 Workshop
17:11 Farm
17:11 Farm
17:12 Farm
17:14 Farm
17:14 Farm
» items
| Scroll of Regeneration | 2 | |
| Scroll of Town Portal | 1 | |
| Staff of Sanctuary | 1 | |
| Orb of Fire | 1 | |
5 total

»
Dabu (
green | 50 APM | 1612 actions | 32:03)
6 Archmage
3 Summon Water Elemental
2 Brilliance Aura
1 Mass Teleport
5 Paladin
3 Holy Light
2 Devotion Aura
» actions
| Assign group hotkey | 111 | |
| Basic commands | 27 | |
| Build / train | 98 | |
| ESC pressed | 18 | |
| Enter build submenu | 70 | |
| Enter hero's abilities submenu | 11 | |
| Give item / drop item | 1 | |
| Right click | 314 | |
| Select / deselect | 366 | |
| Select group hotkey | 462 | |
| Use ability | 134 | |
1612 total
» units
| Peasant | 26 | |
| Rifleman | 7 | |
| Siege Engine | 12 | |
45 total
» upgrades
| Gunpowder | 3 | |
| Long Rifles | 1 | |
| Lumber Harvesting | 2 | |
| Magic Sentry | 1 | |
| Flare | 1 | |
| Fragmentation Shards | 1 | |
| Barrage | 1 | |
| Plating | 3 | |
| Masonry | 1 | |
| Animal War Training | 1 | |
| Swords | 1 | |
16 total
» buildings
| Farm | 15 | |
| Altar of Kings | 1 | |
| Scout Tower | 19 | |
| Blacksmith | 1 | |
| Arcane Tower | 2 | |
| Barracks | 2 | |
| Lumber Mill | 3 | |
| Guard Tower | 14 | |
| Arcane Vault | 3 | |
| Keep | 1 | |
| Town Hall | 7 | |
| Arcane Sanctum | 1 | |
| Castle | 1 | |
| Workshop | 6 | |
76 total
» build order
00:21 Farm
00:26 Altar of Kings
01:00 Scout Tower
01:28 Farm
01:31 Blacksmith
01:56 Arcane Tower
02:03 Farm
02:31 Barracks
02:33 Scout Tower
02:35 Barracks
02:42 Lumber Mill
02:44 Farm
03:03 Scout Tower
03:24 Farm
03:35 Farm
03:55 Guard Tower
03:58 Guard Tower
04:51 Arcane Vault
05:16 Scout Tower
05:19 Scout Tower
06:01 Guard Tower
06:04 Scout Tower
06:43 Keep
06:45 Guard Tower
06:48 Scout Tower
07:37 Guard Tower
07:38 Scout Tower
07:46 Town Hall
08:05 Arcane Tower
08:08 Scout Tower
08:41 Guard Tower
08:44 Arcane Vault
09:12 Farm
09:31 Farm
09:32 Farm
09:35 Farm
09:53 Scout Tower
10:00 Scout Tower
10:06 Scout Tower
10:08 Scout Tower
10:12 Scout Tower
10:15 Scout Tower
10:27 Guard Tower
10:37 Guard Tower
10:42 Farm
10:45 Guard Tower
11:21 Town Hall
11:35 Arcane Sanctum
11:58 Guard Tower
12:00 Guard Tower
12:02 Arcane Vault
12:06 Castle
12:58 Workshop
13:36 Scout Tower
14:14 Scout Tower
15:44 Guard Tower
16:06 Lumber Mill
16:29 Workshop
16:33 Workshop
17:39 Workshop
18:46 Workshop
19:06 Lumber Mill
19:23 Farm
19:28 Workshop
20:04 Farm
23:46 Farm
23:49 Farm
23:54 Town Hall
24:37 Scout Tower
25:04 Guard Tower
25:04 Guard Tower
25:05 Scout Tower
26:10 Town Hall
26:26 Town Hall
27:32 Town Hall
30:10 Town Hall
» items
| Scroll of Regeneration | 1 | |
| Orb of Fire | 2 | |
| Potion of Healing | 2 | |
| Scroll of Town Portal | 1 | |
6 total
Mightythor (
blue | 26 APM | 822 actions | 32:03)
4 Demon Hunter
2 Immolation
2 Evasion
6 Priestess of the Moon
3 Trueshot Aura
2 Searing Arrows
1 Starfall
» actions
| Assign group hotkey | 12 | |
| Basic commands | 23 | |
| Build / train | 62 | |
| Enter build submenu | 22 | |
| Enter hero's abilities submenu | 10 | |
| Remove unit from queue | 1 | |
| Right click | 273 | |
| Select / deselect | 191 | |
| Select group hotkey | 193 | |
| Use ability | 34 | |
822 total
» units
| Wisp | 16 | |
| Chimaera | 10 | |
| Hippogryph | 9 | |
35 total
» upgrades
| Strength of the Wild | 3 | |
| Reinforced Hides | 3 | |
| Corrosive Breath | 1 | |
| Well Spring | 1 | |
| Ultravision | 1 | |
9 total
» buildings
| Altar of Elders | 1 | |
| Moon Well | 10 | |
| Tree of Ages | 1 | |
| Hunter's Hall | 1 | |
| Ancient of Wind | 1 | |
| Tree of Eternity | 1 | |
| Chimaera Roost | 2 | |
| Tree of Life | 1 | |
18 total
» build order
00:13 Altar of Elders
00:26 Moon Well
01:29 Moon Well
02:15 Tree of Ages
02:40 Hunter's Hall
04:32 Moon Well
04:40 Ancient of Wind
04:42 Tree of Eternity
05:52 Moon Well
07:08 Moon Well
07:14 Chimaera Roost
07:40 Chimaera Roost
09:42 Moon Well
11:02 Moon Well
11:09 Tree of Life
12:50 Moon Well
22:54 Moon Well
22:57 Moon Well
ThugMasTeR (
yellow | 41 APM | 1299 actions | 32:03)
6 Death Knight
3 Death Coil
2 Unholy Aura
1 Animate Dead
5 Lich
3 Frost Nova
2 Frost Armor
1 Crypt Lord
1 Impale
» actions
| Assign group hotkey | 35 | |
| Build / train | 63 | |
| Enter build submenu | 27 | |
| Enter hero's abilities submenu | 12 | |
| Give item / drop item | 3 | |
| Right click | 575 | |
| Select / deselect | 268 | |
| Select group hotkey | 241 | |
| Use ability | 75 | |
1299 total
» units
| Acolyte | 6 | |
| Ghoul | 3 | |
| Crypt Fiend | 6 | |
| Obsidian Statue | 3 | |
| Frost Wyrm | 5 | |
| Gargoyle | 4 | |
27 total
» upgrades
| Web | 1 | |
| Creature Attack | 3 | |
| Creature Carapace | 2 | |
| Destroyer Form | 1 | |
| Freezing Breath | 1 | |
8 total
» buildings
| Crypt | 2 | |
| Graveyard | 1 | |
| Ziggurat | 8 | |
| Altar of Darkness | 1 | |
| Tomb of Relics | 1 | |
| Halls of the Dead | 1 | |
| Slaughterhouse | 1 | |
| Sacrificial Pit | 1 | |
| Black Citadel | 1 | |
| Boneyard | 2 | |
| Necropolis | 1 | |
20 total
» build order
00:38 Crypt
00:49 Graveyard
01:16 Ziggurat
03:36 Ziggurat
04:44 Altar of Darkness
05:05 Tomb of Relics
06:18 Halls of the Dead
07:16 Ziggurat
11:21 Slaughterhouse
11:24 Sacrificial Pit
11:49 Black Citadel
12:58 Ziggurat
17:24 Boneyard
17:27 Boneyard
18:10 Ziggurat
18:11 Ziggurat
18:13 Ziggurat
18:51 Necropolis
20:26 Ziggurat
20:32 Crypt
» items
| Rod of Necromancy | 1 | |
| Scroll of Town Portal | 4 | |
| Orb of Corruption | 3 | |
| Potion of Healing | 2 | |
| Scroll of Regeneration | 1 | |
11 total
Chat log
(00:03 / All) ThugMasTeR: wtf
(00:11 / Allies) P12ACTICE: ill take him
(01:06 / All) ThugMasTeR: red how are u spelled in white letters>
(01:27 / All) ThugMasTeR: werid night..
(01:29 / All) |c00FFFFFFADMlN: I work for Blizzard
(01:37 / All) P12ACTICE: I was just thinking that
(01:41 / All) ThugMasTeR: was that u in our clan room?
(01:43 / All) |c00FFFFFFADMlN: We're testing out systems
(01:58 / All) ThugMasTeR: seriously?
(02:11 / All) ThugMasTeR: better work on gettn those neons scripts out 1st
(02:15 / All) |c00FFFFFFADMlN: Yeah, we're going to do a ladder reset soon
(02:31 / All) ThugMasTeR: then the drop hack scipit written by abso1
(03:40 / All) 10years: so
(03:49 / All) 10years: are we going to play this game?
(03:54 / All) ThugMasTeR: is red even playig?
(04:02 / All) 10years: of coz he is
(04:13 / All) ThugMasTeR: they resetting ladder...
(04:24 / All) ThugMasTeR: ill believe it when i see it
(04:32 / All) ThugMasTeR: think blizz forgot about us...
(04:42 / All) |c00FFFFFFADMlN: Tomorrow we do server maintenance, ladder reset is Wednesday
(04:53 / All) ThugMasTeR: ok cool
(04:54 / All) P12ACTICE: sounds legit..?
(05:01 / All) |c00FFFFFFADMlN: Also a new patch is coming out, mostly to patch a drop hack that is out
(05:16 / All) ThugMasTeR: nice!
(05:24 / All) ThugMasTeR: what about a balance patch?
(05:28 / All) ThugMasTeR: that was promised
(05:32 / All) ThugMasTeR: way b when
(05:38 / All) |c00FFFFFFADMlN: We're taking suggestions for a map change, mostly from teamhive group (Drayen)
(05:51 / All) Dabu: We want to bring back "Friends" map
(05:53 / All) Dabu: for 4v4
(05:54 / All) P12ACTICE: some maps need a shop
(05:56 / All) 10years: i have a question
(06:04 / All) |c00FFFFFFADMlN: Drayen suggested that one
(06:18 / All) 10years: how can we find out who has maphack?
(06:22 / All) |c00FFFFFFADMlN: And Slalom but we don't plan on bringing back Slalom or Hurricane Isles
(06:23 / All) WeWantWC4: i can't tell if this is a joke or...
(06:31 / All) ThugMasTeR: good
(06:40 / All) ThugMasTeR: hurricane worst msap ever
(06:41 / All) |c00FFFFFFADMlN: You can't, because you would need a third party program to do that
(06:46 / All) |c00FFFFFFADMlN: which is against the ToS
(06:57 / All) 10years: sad
(07:04 / All) |c00FFFFFFADMlN: You can do it offline though
(08:06 / All) |c00FFFFFFADMlN: (FYI there is a player with map hack this game...)
(08:12 / All) |c00FFFFFFADMlN: we'll be doing a ban wave soon
(08:19 / All) ThugMasTeR: lmfao
(08:21 / All) P12ACTICE: thats for real?
(08:22 / All) ThugMasTeR: awsome!
(08:25 / All) P12ACTICE: lol good :D
(08:27 / All) ThugMasTeR: so many hackers
(08:55 / All) ThugMasTeR: i was about to say sasha will create new neons within a month of the new patch update
(09:01 / All) ThugMasTeR: need to ban
(09:07 / All) ThugMasTeR: only true way to counter
(09:24 / All) P12ACTICE: so who has hack on?
(09:43 / All) P12ACTICE: and only 1?
(09:43 / All) ThugMasTeR: there prolly is more thatn 1
(09:45 / All) P12ACTICE: GOOD JOB US
(09:46 / All) ThugMasTeR: lmfao
(10:04 / Allies) P12ACTICE: admin can you feed resourcs?
(10:33 / All) |c00FFFFFFADMlN: Follow us on twitter, @BlizzardCS
(10:40 / All) |c00FFFFFFADMlN: We love to hear any suggestions you guys have
(10:54 / All) WeWantWC4: <------
(10:57 / All) WeWantWC4: Just sayin....
(11:09 / All) ThugMasTeR: i seond that
(11:11 / All) ThugMasTeR: oj
(13:17 / Allies) P12ACTICE: let my expo die
(14:23 / Allies) P12ACTICE: come
(18:27 / Allies) P12ACTICE: wtf?
(18:28 / Allies) P12ACTICE: lol
(18:44 / Allies) P12ACTICE: buy back at tav quick
(20:14 / Allies) P12ACTICE: have a tp ?
(20:20 / Allies) 10years: yes
(20:49 / Allies) P12ACTICE: avoid the tanks
(21:44 / Allies) P12ACTICE: get workes out
(21:50 / Allies) P12ACTICE: build nad send across map
(21:59 / Allies) P12ACTICE: out
(22:00 / Allies) P12ACTICE: ud
(22:00 / Allies) P12ACTICE: b
(22:01 / Allies) P12ACTICE: b
(22:52 / All) 10years: gg
(23:35 / Allies) P12ACTICE: why did you tp ud?
(24:17 / All) 10years: no one left??
(24:55 / Allies) P12ACTICE: 'send gold to purple
(25:12 / Allies) P12ACTICE: lol its ova
(25:21 / All) P12ACTICE: gg
(25:25 / All) ThugMasTeR: GG
(25:26 / All) Dabu: gg
(25:27 / All) 10years: gg
(25:30 / All) WeWantWC4: gg
(25:41 / All) P12ACTICE: haha of course thug we finally match
(25:47 / All) Dabu: destroyers are magic-immune
(25:47 / All) ThugMasTeR: rofl
(25:48 / All) P12ACTICE: and I get a leaver and a mass expo admin XD
(25:49 / All) 10years: never play with admin
(25:51 / All) Dabu: but they are not immune to TANKS!
(25:52 / All) ThugMasTeR: i know
(25:55 / All) ThugMasTeR: lmfao
(26:03 / All) P12ACTICE: admin should be auto win not loss!
(26:32 / All) P12ACTICE: he was a resource boss though
(26:43 / All) P12ACTICE: I would love to suggest nerfing tanks a bit
(27:01 / All) P12ACTICE: considering it's become the new 4v4 strat to literally just mass tanks
(27:05 / All) P12ACTICE: and attack move at bases
(27:07 / All) ThugMasTeR: yeah
(27:11 / All) Dabu: i would suggest adding a tank upgrade to where they can attack land units (non-building units)
(27:12 / All) P12ACTICE: and often times it leads to a win...
(27:17 / All) P12ACTICE: LOL
(27:19 / All) P12ACTICE: dabu
(27:22 / All) P12ACTICE: get out of here
(27:28 / All) P12ACTICE: tanks already to imba
(27:29 / All) |c00FFFFFFADMlN: they will be made 4 food, and have a limit on rocket attack
(27:39 / All) P12ACTICE: OOOOH
(27:42 / All) P12ACTICE: that's a huge change
(27:44 / All) P12ACTICE: cool :D
(27:47 / Allies) 10years: i suggest an air hero
(27:57 / All) ThugMasTeR: will that be in next patch?
(28:00 / All) P12ACTICE: that would be cool, any additional heros?
(28:03 / All) |c00FFFFFFADMlN: yes
(28:07 / All) ThugMasTeR: what about mgs?
(28:09 / All) |c00FFFFFFADMlN: No new heroes at this time
(28:17 / All) |c00FFFFFFADMlN: mountain giants will be left unchanged
(28:19 / All) P12ACTICE: wow human finally getting nerfed!
(28:22 / All) ThugMasTeR: damn
(28:26 / All) P12ACTICE: yah mg's never get used
(28:29 / All) P12ACTICE: they are very expensive
(28:35 / All) P12ACTICE: and relatively high food cost
(28:40 / All) |c00FFFFFFADMlN: sends suggestions to @BlizzardCS for future patches
(28:50 / All) P12ACTICE: is there somewhere listed with all these changes?
(28:52 / All) 10years: haha
(28:55 / Allies) P12ACTICE: :D
(28:57 / All) |c00FFFFFFADMlN: Not yet
(28:59 / All) 10years: gg
(29:15 / All) P12ACTICE: okay, would it be to the blizz cite?
(29:22 / All) P12ACTICE: site*
(29:44 / All) |c00FFFFFFADMlN: Classics team's official twitter is @BlizzardCS
(29:55 / All) |c00FFFFFFADMlN: Official patch notes will be featured on battle net
(29:57 / All) P12ACTICE: haha so weird Thug, who would have thunk we would have seen an ADMIN in 2017
(30:03 / All) ThugMasTeR: lmfao
(30:16 / All) P12ACTICE: I am going to save this game for sure...
(30:17 / All) P12ACTICE: haha
(30:21 / All) ThugMasTeR: been playing this game for over 10 years
(30:25 / All) P12ACTICE: It will be the greatest pran
(30:26 / All) WeWantWC4: i don't think it's real
(30:29 / All) ThugMasTeR: nver knew they existed
(30:30 / All) P12ACTICE: greatest prank!
(30:42 / All) P12ACTICE: he called you out on your hackity hack hack !
(30:43 / All) P12ACTICE: lol
(30:55 / All) ThugMasTeR: yeah they need to address it
(30:57 / All) ThugMasTeR: alright
(31:00 / All) P12ACTICE: 10 years ago
(31:01 / All) P12ACTICE: lol
(31:03 / All) ThugMasTeR: whos hiding shit
(31:05 / All) ThugMasTeR: ffs
(31:08 / All) P12ACTICE: ADMIN
(31:09 / All) P12ACTICE: FTW
(31:10 / All) ThugMasTeR: .....
(31:11 / All) P12ACTICE: Lol
(31:22 / All) P12ACTICE: its really funny to watch haha
(31:24 / All) Dabu: who was the hacker in this game?
(31:31 / All) P12ACTICE: orange
(31:58 / Allies) P12ACTICE: run run!
(32:03 / Allies) P12ACTICE: baha